 Dungeon Crawl Stone Soup version 0.28-a0-239-g68911e0c57 (webtiles) character file.

Game seed: 12766161226844788479

4278 Gargoyl the Fighter (level 10, -1/82 HPs)
             Began as a Gnoll Abyssal Knight on Aug 23, 2021.
             Was a Priest of Lugonu.
             Splashed by an acid dragon's acid (17 damage)
             ... on level 8 of the Dungeon.
             The game lasted 00:11:52 (10798 turns).

Gargoyl the Fighter (Gnoll Abyssal Knight)         Turns: 10798, Time: 00:11:53

Health: -1/82      AC:  6    Str: 14    XL:     10   Next: 31%
Magic:  17/17      EV: 10    Int: 12    God:    Lugonu [***...]
Gold:   111        SH: 14    Dex: 12    Spells: 19/19 levels left

rFire   . . .      SeeInvis .   a - +3 hand axe
rCold   . . .      Faith    .   x - +0 kite shield
rNeg    . . .      Spirit   .   v - +4 ring mail "Xon Mily" {+Blink Will+}
rPois   +          Reflect  +   (no helmet)
rElec   .          Harm     .   (no cloak)
rCorr   .          Rampage  .   u - +1 pair of gloves {archery}
Will    ++...                   t - +0 pair of boots
Stlth   ++........              q - amulet of reflection
HPRegen 0.23/turn               h - ring of poison resistance
MPRegen 0.15/turn               k - ring of willpower

@: corroded
A: fangs 1, strong nose, distributed training
a: Renounce Religion, Evoke Blink, Depart the Abyss, Bend Space, Banish


You were on level 8 of the Dungeon.
You worshipped Lugonu.
Lugonu was most pleased with you.
You visited 1 branch of the dungeon, and saw 8 of its levels.
You visited the Abyss 1 time.

You collected 460 gold pieces.
You spent 349 gold pieces at shops.

Inventory:

Hand Weapons
 a - a +3 hand axe (weapon)
 y - a +0 hand axe of flaming
Missiles
 n - 32 poisoned darts (quivered)
Armour
 t - a +0 pair of boots (worn)
 u - a +1 pair of gloves of archery (worn)
 v - the +4 ring mail "Xon Mily" (worn) {+Blink Will+}
   (You found it on level 4 of the Dungeon)

   +Blink:    It lets you blink.
   Will:      It increases your willpower.
 x - a +0 kite shield (worn)
Jewellery
 e - a ring of flight
 f - a ring of see invisible
 h - a ring of poison resistance (left hand)
 k - a ring of willpower (right hand)
 o - a ring of resist corrosion
 q - an amulet of reflection (around neck)
Wands
 d - a wand of mindburst (7)
 i - a wand of polymorph (7)
 B - a wand of paralysis (6)
Scrolls
 r - a scroll of silence
 s - 3 scrolls of blinking
 A - 4 scrolls of teleportation
Potions
 b - 4 potions of flight
 c - a potion of brilliance {unknown}
 g - 2 potions of berserk rage {unknown}
 j - a potion of cancellation {unknown}
 l - 6 potions of curing {unknown}
 m - a potion of might {unknown}
 p - 2 potions of magic {unknown}
 w - a potion of invisibility
 z - a potion of resistance {unknown}
 C - 2 potions of mutation {unknown}


   Skills:
 + Level 8.4 Fighting
 + Level 5.1 Short Blades
 + Level 5.1 Long Blades
 + Level 7.0 Axes
 + Level 5.1 Maces & Flails
 + Level 5.1 Polearms
 + Level 5.1 Staves
 + Level 5.1 Slings
 + Level 5.1 Bows
 + Level 5.1 Crossbows
 + Level 5.1 Throwing
 + Level 7.0 Armour
 + Level 5.8 Dodging
 + Level 5.1 Stealth
 + Level 5.1 Shields
 + Level 5.1 Unarmed Combat
 + Level 5.1 Spellcasting
 + Level 4.2 Conjurations
 + Level 4.2 Hexes
 + Level 4.2 Summonings
 + Level 4.2 Necromancy
 + Level 4.2 Translocations
 + Level 4.2 Transmutations
 + Level 4.2 Fire Magic
 + Level 4.2 Ice Magic
 + Level 4.2 Air Magic
 + Level 4.2 Earth Magic
 + Level 4.2 Poison Magic
 + Level 7.4 Invocations
 + Level 5.1 Evocations


You had 19 spell levels left.
You didn't know any spells.
Your spell library contained the following spells:

 Spells                   Type           Power      Damage    Failure   Level
 Animate Skeleton         Necr           26%        N/A       22%         1
 Pain                     Necr           52%        1d6       22%         1
 Vampiric Draining        Necr           6%         2d6       56%         3
 Leda's Liquefaction      Hex/Erth       6%         N/A       92%         4
 Bolt of Magma            Conj/Fire/Erth 6%         4d6       99%         5
 Statue Form              Tmut/Erth      8%         N/A       100%        6


Dungeon Overview and Level Annotations

Branches:
Dungeon (8/15)             Temple (0/1) D:7
   Lair: D:8-11

Altars:
Fedhas
Makhleb
Nemelex Xobeh
Vehumet

Shops:
D:3 :   D:6 ?   D:8 ?


Innate Abilities, Weirdness & Mutations

You have very sharp teeth.
Your uncanny sense of smell can sniff out nearby items.
Your experience applies equally to all skills.


Message History

The acid dragon spits acid at you. The splash of acid hits you!
You are splashed with acid!
Your shield and ring mail "Xon Mily" prevent you from hitting the acid dragon.
The acid dragon is severely wounded.
You block the acid dragon's attack.
The acid dragon claws you but does no damage.
Unknown command.
You hit the acid dragon but do no damage.
The acid dragon is severely wounded.
You block the acid dragon's attack. x2
Unknown command.
Throw: 33 darts (poison)
Press: ? - help, Q - select action, (/) - cycle Shift-Dir - straight line, f - acid dragon
Aim: an acid dragon (severely wounded, 68% to hit)
You throw a poisoned dart.
The poisoned dart barely misses the acid dragon.
The acid dragon spits acid at you.
The splash of acid hits you but does no damage.
The acid corrodes you!
You are splashed with acid.
* * * LOW HITPOINT WARNING * * *
You hit the acid dragon.
The acid dragon is almost dead.
You block the acid dragon's attack.
The acid dragon claws you but does no damage.
You hit the acid dragon but do no damage.
The acid dragon is almost dead.
The acid dragon misses you. You block the acid dragon's attack.
The acid dragon closely misses you.
The acid dragon claws you but does no damage.
You hit the acid dragon but do no damage.
The acid dragon is almost dead.
You block the acid dragon's attack.
The acid dragon claws you but does no damage.
You hit the acid dragon but do no damage.
The acid dragon is almost dead.
The acid dragon spits acid at you. The splash of acid hits you.
* * * LOW HITPOINT WARNING * * *
You are splashed with acid!
You die...

#.####......#
#.# #.#
####.### #.#
#+##### #...
#.# ......#
##### #.#
......# #.#
......#
####.#
......#
#....#
......#
#.#####
......#
#.@D.(#
..#####
#####.# ..#
..# ..# .....
..... ......
...)..


You could see an acid dragon (catching breath).

Vanquished Creatures
  Pikel (D:6)
  6 yaks (D:8)
  Sigmund (D:3)
  Eustachio (D:6)
  A water moccasin (D:5)
  2 sky beasts
  2 black bears
  A necrophage (D:7)
  2 centaurs
  2 ogres
  2 phantoms
  A kobold brigand (D:7)
  Blork the orc (D:6)
  2 bullfrogs (D:8)
  2 scorpions
  A wyvern skeleton (D:7)
  3 wights (D:7)
  A howler monkey (D:5)
  A centaur zombie (D:7)
  2 centaur skeletons
  4 orc priests
  3 hounds
  4 jellies
  3 bullfrog skeletons
  A gnoll shaman (D:6)
  4 iguanas
  Natasha (D:3)
  4 orc wizards
  7 gnolls
  A howler monkey skeleton (D:7)
  6 adders
  A shadow imp (D:5)
  A white imp (D:5)
  An ufetubus (Abyss:3)
  2 worms (D:2)
  6 dart slugs
  15 orcs
  13 endoplasms
  3 giant cockroaches
  7 goblins
  8 hobgoblins
  5 jackals
  13 kobolds
  3 quokkas
  2 ball pythons (D:1)
  4 bats
  12 frilled lizards
  9 rats
178 creatures vanquished.

Vanquished Creatures (others)
  A kobold (D:7)
  A fungus (D:1)
  6 plants (D:3)
8 creatures vanquished.

Grand Total: 186 creatures vanquished

Notes
Turn   | Place    | Note
-------+----------+-------------------------------------------
     0 | Abyss:1  | Gargoyl the Gnoll Abyssal Knight began the quest for the
                  | Orb.
     0 | Abyss:1  | Reached XP level 1. HP: 23/23 MP: 3/3
    41 | Abyss:3  | Noticed a large abomination
    77 | Abyss:3  | Found a corrupted altar of Lugonu.
   112 | D:1      | Escaped the Abyss
   337 | D:1      | Reached XP level 2. HP: 29/29 MP: 5/5
   394 | D:1      | Reached * piety under Lugonu
   414 | D:1      | Found a faded altar of an unknown god.
   727 | D:1      | Reached XP level 3. HP: 27/35 MP: 6/6
  1432 | D:2      | Reached skill level 1 in Short Blades
  1432 | D:2      | Reached skill level 1 in Long Blades
  1432 | D:2      | Reached skill level 1 in Maces & Flails
  1432 | D:2      | Reached skill level 1 in Polearms
  1432 | D:2      | Reached skill level 1 in Staves
  1432 | D:2      | Reached skill level 1 in Slings
  1432 | D:2      | Reached skill level 1 in Bows
  1432 | D:2      | Reached skill level 1 in Crossbows
  1432 | D:2      | Reached skill level 1 in Throwing
  1432 | D:2      | Reached skill level 1 in Stealth
  1432 | D:2      | Reached skill level 1 in Shields
  1432 | D:2      | Reached skill level 1 in Unarmed Combat
  1432 | D:2      | Reached skill level 1 in Spellcasting
  1432 | D:2      | Reached skill level 1 in Evocations
  1833 | D:2      | Reached XP level 4. HP: 38/41 MP: 7/7
  1933 | D:2      | HP: 2/41 [iguana (10)]
  1934 | D:2      | Reached ** piety under Lugonu
  2262 | D:2      | Reached skill level 1 in Conjurations
  2262 | D:2      | Reached skill level 1 in Hexes
  2262 | D:2      | Reached skill level 1 in Summonings
  2262 | D:2      | Reached skill level 1 in Necromancy
  2262 | D:2      | Reached skill level 1 in Translocations
  2262 | D:2      | Reached skill level 1 in Transmutations
  2262 | D:2      | Reached skill level 1 in Fire Magic
  2262 | D:2      | Reached skill level 1 in Ice Magic
  2262 | D:2      | Reached skill level 1 in Air Magic
  2262 | D:2      | Reached skill level 1 in Earth Magic
  2262 | D:2      | Reached skill level 1 in Poison Magic
  2410 | D:2      | Noticed an ogre
  2417 | D:2      | Killed an ogre
  2418 | D:2      | Reached XP level 5. HP: 47/47 MP: 8/8
  3170 | D:3      | Found Coop's Book Boutique.
  3530 | D:3      | Noticed a phantom
  3531 | D:3      | Noticed Natasha
  3544 | D:3      | Noticed Sigmund
  3585 | D:3      | Killed Natasha
  3586 | D:3      | Reached skill level 5 in Invocations
  3586 | D:3      | Reached XP level 6. HP: 35/53 MP: 9/9
  3599 | D:3      | Killed Sigmund
  3600 | D:3      | Reached skill level 5 in Axes
  3600 | D:3      | Reached skill level 5 in Armour
  3897 | D:3      | Reached XP level 7. HP: 23/59 MP: 10/10
  4482 | D:4      | Reached skill level 7 in Fighting
  4616 | D:4      | Identified the +4 ring mail "Xon Mily" {+Blink Will+}
  5180 | D:4      | Found a faded altar of an unknown god.
  5180 | D:4      | Found a blossoming altar of Fedhas.
  5185 | D:4      | Reached *** piety under Lugonu
  5193 | D:4      | Found a burning altar of Makhleb.
  5195 | D:4      | Found a radiant altar of Vehumet.
  5197 | D:4      | Found a sparkling altar of Nemelex Xobeh.
  5385 | D:5      | Entered Level 5 of the Dungeon
  5950 | D:5      | Reached XP level 8. HP: 48/67 MP: 12/12
  6567 | D:6      | Noticed Eustachio
  6610 | D:6      | Killed Eustachio
  7447 | D:6      | Found Fire's Magic Scroll Boutique.
  7457 | D:6      | Reached XP level 9. HP: 68/72 MP: 14/14
  7484 | D:6      | Noticed Pikel
  7521 | D:6      | Killed Pikel
  7700 | D:6      | Bought a scroll of enchant weapon for 112 gold pieces
  7700 | D:6      | Bought a scroll of teleportation for 45 gold pieces
  7700 | D:6      | Bought a scroll of teleportation for 45 gold pieces
  7724 | D:6      | Identified a scroll of acquirement
  7724 | D:6      | Acquired a +1 pair of gloves of archery
  7833 | D:6      | Reached skill level 5 in Dodging
  8319 | D:6      | Noticed Blork the orc
  8332 | D:6      | Killed Blork the orc
  8727 | D:7      | Reached skill level 8 in Fighting
  9536 | D:7      | Found a staircase to the Ecumenical Temple.
 10054 | D:8      | Found Ciahuq's Magic Scroll Emporium.
 10073 | D:8      | Reached XP level 10. HP: 65/74 MP: 17/17
 10141 | D:8      | Reached skill level 5 in Short Blades
 10141 | D:8      | Reached skill level 5 in Long Blades
 10141 | D:8      | Reached skill level 5 in Maces & Flails
 10141 | D:8      | Reached skill level 5 in Polearms
 10141 | D:8      | Reached skill level 5 in Staves
 10141 | D:8      | Reached skill level 5 in Slings
 10141 | D:8      | Reached skill level 5 in Bows
 10141 | D:8      | Reached skill level 5 in Crossbows
 10141 | D:8      | Reached skill level 5 in Throwing
 10141 | D:8      | Reached skill level 5 in Stealth
 10141 | D:8      | Reached skill level 5 in Shields
 10141 | D:8      | Reached skill level 5 in Unarmed Combat
 10141 | D:8      | Reached skill level 5 in Spellcasting
 10141 | D:8      | Reached skill level 5 in Evocations
 10487 | D:8      | Bought a scroll of blinking for 105 gold pieces
 10487 | D:8      | Bought a scroll of teleportation for 42 gold pieces
 10798 | D:8      | Splashed by an acid dragon's acid

Illustrated notes

Levels and vault maps discovered:
D:1:      dpeg_arrival_houses_and_road, layout_basic,
          shapermc_ecumenical_altar_ellora, lemuel_another_geyser
D:2:      layout_loops_ring, minmay_misc_feat_secret_circle, grunt_ministairs_2
D:3:      layout_basic, serial_shops, nicolae_shop_behind_doors,
          roderic_roman_lattice, minmay_lizard_king, uniq_sigmund, uniq_natasha
D:4:      layout_basic, chequers_temple_overflow_minitemple,
          hangedman_decor_push
D:5:      layout_layer_cave
D:6:      layout_basic, serial_shops, nicolae_shop_crystal, uniq_eustachio,
          uniq_blork_the_orc, uniq_pikel
D:7:      layout_cave_pools, minmay_temple_entry_butterflies
D:8:      minmay_the_grid_triangle_9x9_rhombus_full
          [minmay_the_grid_triangle_9x9_descending_squares,
          minmay_the_grid_triangle_9x9_empty,
          minmay_the_grid_triangle_9x9_semitri,
          minmay_the_grid_triangle_9x9_corruption,
          minmay_the_grid_triangle_9x9_flanged_cone,
          minmay_the_grid_triangle_9x9_cache,
          minmay_the_grid_triangle_9x9_wacky_v,
          minmay_the_grid_triangle_9x9_prize_schism], layout_basic,
          enter_bailey_3, serial_shops,
          nicolae_shop_temple_entry_statues_fountains

Skill      XL: |  1  2  3  4  5  6  7  8  9 10 |
---------------+-------------------------------+-----
Short Blades   | 1 2 3 4 5 |  5.1
Long Blades    | 1 2 3 4 5 |  5.1
Maces & Flails | 1 2 3 4 5 |  5.1
Polearms       | 1 2 3 4 5 |  5.1
Staves         | 1 2 3 4 5 |  5.1
Slings         | 1 2 3 4 5 |  5.1
Bows           | 1 2 3 4 5 |  5.1
Crossbows      | 1 2 3 4 5 |  5.1
Throwing       | 1 2 3 4 5 |  5.1
Stealth        | 1 2 3 4 5 |  5.1
Shields        | 1 2 3 4 5 |  5.1
Unarmed Combat | 1 2 3 4 5 |  5.1
Spellcasting   | 1 2 3 4 5 |  5.1
Evocations     | 1 2 3 4 5 |  5.1
Conjurations   | 1 2 3 4 |  4.2
Hexes          | 1 2 3 4 |  4.2
Summonings     | 1 2 3 4 |  4.2
Necromancy     | 1 2 3 4 |  4.2
Translocations | 1 2 3 4 |  4.2
Transmutations | 1 2 3 4 |  4.2
Fire Magic     | 1 2 3 4 |  4.2
Ice Magic      | 1 2 3 4 |  4.2
Air Magic      | 1 2 3 4 |  4.2
Earth Magic    | 1 2 3 4 |  4.2
Poison Magic   | 1 2 3 4 |  4.2
Dodging        | 3 4 5 |  5.8
Invocations    | 5 6 7 |  7.4
Axes           | 5 6 7 |  7.0
Armour         | 5 6 7 |  7.0
Fighting       | 7 8 |  8.4

Action                   |  1- 3 |  4- 6 |  7- 9 | 10-12 || total
-------------------------+-------+-------+-------+-------++-------
Melee: Hand axe          |    85 |   137 |   566 |   124 ||   912
       Bite              |     6 |     8 |    52 |    19 ||    85
       Punch             |       |       |     5 |       ||     5
Throw: Dart              |       |       |    22 |     1 ||    23
Invok: Depart the Abyss  |     1 |       |       |       ||     1
Evoke: Wand              |       |     2 |       |       ||     2
  Use: Scroll            |     4 |     3 |     7 |     2 ||    16
       Potion            |     1 |     1 |     1 |       ||     3
 Stab: Sleeping          |       |       |     4 |     1 ||     5
Armor: Leather armour    |     3 |       |       |       ||     3
       Chain mail        |    81 |    92 |    34 |       ||   207
       Ring mail         |       |       |   234 |    25 ||   259
Dodge: Dodged            |    36 |    48 |   268 |    32 ||   384
Block: Other             |       |       |    65 |       ||    65
       Reflection        |       |       |     9 |       ||     9
       Kite shield       |       |       |   267 |    89 ||   356

Table legend: (Time is in decaauts)
 A = Elapsed time spent in this place.
 B = Non-inter-level travel time spent in this place.
 C = Inter-level travel time spent in this place.
 D = Time resting spent in this place.
 E = Time spent auto-exploring this place.
 F = Levels seen in this place.
 G = Mean time per level.
                   A        B        C        D        E       F      G
               +--------+--------+--------+--------+--------+-----+--------+
         Total |  10912 |  10560 |    352 |    931 |   7360 |  11 |  992.0 |
       Dungeon |  10800 |  10448 |    352 |    931 |   7344 |   8 | 1350.0 |
         Abyss |    112 |    112 |      0 |      0 |     16 |   3 |   37.3 |
               +--------+--------+--------+--------+--------+-----+--------+

Top non-repeatable levels by time:
     D:6: 2376 daAuts
     D:2: 1578 daAuts
     D:3: 1505 daAuts
     D:1: 1308 daAuts
     D:4: 1125 daAuts
     D:5: 1112 daAuts
     D:7: 980 daAuts
     D:8: 812 daAuts
 Abyss:3: 72 daAuts
 Abyss:1: 21 daAuts
 Abyss:2: 19 daAuts
